 Dungeon Sprint DCSS version 0.30-a0-634-g8abc85282e (webtiles) character file.

Game seed: 13263159276364914974

604 mhtbhm the Grappler (level 7, -2/74 HPs)
             Began as a Troll Transmuter on Jan 15, 2023.
             Was a Priest of Okawaru.
             Slain by a freezing wraith (9 damage)
             ... summoned by a mummy priest
             ... in the Dungeon (Sprint V: "Ziggurat Sprint").
             The game lasted 00:02:31 (271 turns).

mhtbhm the Grappler (Troll Transmuter)               Turns: 271, Time: 00:02:32

Health: -2/74      AC:  5    Str: 33    XL:     7   Next: 18%
Magic:  7/12       EV: 11    Int:  9    God:    Okawaru [***...]
Gold:   0          SH:  0    Dex: 10    Spells: 5/15 levels left

rFire   x . .      SeeInvis .      - Unarmed
rCold   + + +      Faith    .    (shield currently unavailable)
rNeg    . . .      Spirit   .    (body armour currently unavailable)
rPois   +          Reflect  .    (helmet currently unavailable)
rElec   .          Harm     .    (cloak currently unavailable)
rCorr   .          Rampage  .    (gloves unavailable)
Will    .....      NoTele   +    (boots unavailable)
Stlth   +                        (no amulet)
HPRegen 1.12/turn                w - +6 ring of strength
MPRegen 0.13/turn                x - +6 ring of strength

@: ice-form, wereblooded, slowed, very slow
A: freezing attack, amphibious, boosted hp, large, unfitting armour, (claws 3),
regeneration 1, (shaggy fur 1), (tough skin 1)
a: End Transformation, Renounce Religion, Heroism


You were in the Dungeon.
You worshipped Okawaru.
Okawaru was most pleased with you.
You were a creature of crystalline ice.
You visited 1 branch

Inventory:

Armour
 a - a +0 troll leather armour (melded)
Jewellery
 r - the ring of Feavyvvi {Fire rElec rCorr Dex+2 SInv}
   (You found it in the Dungeon)

   [ring of fire]

   It enhances your fire magic.
   Dex:       It affects your dexterity (+2).
   rF:        It protects you from fire.
   rC:        It makes you vulnerable to cold.
   rElec:     It insulates you from electricity.
   SInv:      It lets you see invisible.
   rCorr:     It protects you from acid and corrosion.
 w - a +6 ring of strength (left front paw)
 x - a +6 ring of strength (right front paw)
Wands
 y - a wand of mindburst (7)
 z - a wand of iceblast (7)
 A - a wand of light (7)
Scrolls
 h - 4 scrolls of blinking
 n - 4 scrolls of amnesia
 o - 7 scrolls of fog
 p - 5 scrolls of identify
 q - 2 scrolls of fear
Potions
 b - a potion of lignification
 c - 10 potions of curing
 d - 10 potions of heal wounds
 e - 6 potions of haste
 f - 7 potions of magic
 g - 2 potions of berserk rage
 i - 2 potions of brilliance
 j - 2 potions of invisibility
 k - 4 potions of resistance
 l - a potion of experience
 m - 5 potions of might
Miscellaneous
 B - a lightning rod (1/4)


   Skills:
 + Level 1.2 Fighting
 + Level 4.8 Dodging
 + Level 11.5 Unarmed Combat
 + Level 4.5 Spellcasting
 + Level 4.7 Transmutations
 + Level 1.1 Evocations


You had 5 spell levels left.
You knew the following spells:

 Your Spells              Type           Power      Damage    Failure   Level
a - Beastly Appendage     Tmut           20%        N/A       3%          1
b - Wereblood             Tmut           10%        N/A       5%          2
c - Spider Form           Tmut/Pois      6%         N/A       28%         3
d - Ice Form              Ice/Tmut       6%         N/A       67%         4

Your spell library contained the following spells:

 Spells                   Type           Power      Damage    Failure   Level


Dungeon Overview and Level Annotations

Branches:
Dungeon (1/1)

Altars:
Ashenzari
Cheibriados
Dithmenos
Elyvilon
Fedhas
Gozag
Hepliaklqana
Kikubaaqudgha
Makhleb
Nemelex Xobeh
Okawaru
Qazlal
Ru
Sif Muna
Trog
Uskayaw
Vehumet
Wu Jian
Xom
Yredelemnul
Zin
The Shining One
Jiyva
Lugonu

Annotations:
D 1 transporter


Innate Abilities, Weirdness & Mutations

You are a creature of crystalline ice.
You have a powerful freezing melee attack.
You are amphibious.
Your maximum health is increased.
Your armour is entirely melded.
You are incapable of wielding weapons or throwing items.
You are too large for most types of armour.
((You have claws for hands.))
Your natural rate of healing is unusually fast.
((You are covered in fur. (AC +1)))
((You have tough skin. (AC +1)))


Message History

Unknown command.
Unknown command.
Unknown command.
Aiming: Thunderbolt
Press: ? - help, Shift-Dir - straight line, f/p - flying skull
Aim: a flying skull (severely damaged, summoned)
The thunderbolt hits the mummy priest!
The mummy priest resists.
The mummy priest is moderately damaged.
The thunderbolt hits the flying skull!
The flying skull resists.
You destroy the flying skull!
The flying skull disappears in a puff of smoke!
You howl as the wereblood boils in your veins!
The freezing wraith hits you! The freezing wraith freezes you. You resist.
The freezing wraith barely misses you. The freezing wraith hits you.
The freezing wraith freezes you. You resist. The freezing wraith hits you.
Unknown command.
Unknown command.
Unknown command.
Unknown command.
Unknown command.
There are monsters nearby!
Unknown command.
The freezing wraith hits you. The freezing wraith freezes you. You resist.
The freezing wraith hits you! The freezing wraith drains your vigour!
You feel as though you will be slow longer.
The freezing wraith hits you.
* * * LOW HITPOINT WARNING * * *
The freezing wraith freezes you. You resist.
* * * LOW HITPOINT WARNING * * *
The freezing wraith hits you.
* * * LOW HITPOINT WARNING * * *
The freezing wraith drains your vigour!
You feel as though you will be slow longer.
The mummy priest utters an invocation to its god.
The freezing wraith hits you.
* * * LOW HITPOINT WARNING * * *
The freezing wraith freezes you. You resist.
* * * LOW HITPOINT WARNING * * *
The freezing wraith hits you!
You die...

▓▓▓▓▓▓▓▓▓▓▓▓▓▓▓▓▓▓▓
▓.8©8.▓.8©8.▓.8©8.▓
▓.[||.▓.)|..▓.....▓
▓..=..▓.....▓.).).▓
▓..W..▓.)...▓.....▓
▓Z.M.W▓..[..▓.....▓
▓.WYW.▓.....▓..©..▓
▓..©..▓..©..▓▓▓▓▓▓▓
▓▓▓▓▓▓▓▓▓▓▓▓▓


You could see a mummy priest, a flayed ghost (summoned), 2 freezing wraiths, a
wraith (summoned) and a bat simulacrum (summoned).

Vanquished Creatures
  A troll (D)
  A yak (D)
  2 ogres (D)
  An iguana (D)
  3 mummies (D)
8 creatures vanquished.

Notes
Turn   | Place    | Note
-------+----------+-------------------------------------------
     0 | D        | mhtbhm the Troll Transmuter began the quest for the Orb.
     0 | D        | Reached XP level 1. HP: 18/18 MP: 1/1
     0 | D        | Found a shimmering blue altar of Sif Muna.
     0 | D        | Found a bloodstained altar of Trog.
     0 | D        | Found a sacrificial altar of Ru.
     0 | D        | Found a stormy altar of Qazlal.
     0 | D        | Found an iron altar of Okawaru.
     1 | D        | Found a sparkling altar of Nemelex Xobeh.
     1 | D        | Found a blossoming altar of Fedhas.
     1 | D        | Found the +6 Majin-Bo {spellvamp, MP+6 Int+6}
     1 | D        | Found the +27 heavy crossbow "Sniper" {heavy, Acc+∞ SInv}
     1 | D        | Found the +10 dark maul {heavy}
     1 | D        | Found the +15 Maxwell's patent armour {-Cast -Tele rElec
                  | Will+ rCorr}
     1 | D        | Found the +18 shield of the Gong {Loud rElec rN+ Will+
                  | EV-5}
     1 | D        | Found the +16 obsidian axe {drain, demonic, Mesm Drain Fly
                  | SInv}
     1 | D        | Found the +7 great mace "Firestarter" {flame, inner flame,
                  | rFlCloud rF++}
     1 | D        | Found the +6 shillelagh "Devastator" {shatter}
     1 | D        | Found the +11 plutonium sword {Contam Stlth-}
     1 | D        | Found the +8 lance "Wyrmbane" {slay drac, rPois rF+ rC+
                  | AC+3}
     1 | D        | Found the +9 sword of Zonguldrok {reap}
     1 | D        | Found the +13 scythe of Curses {drain, curses, Drain}
     1 | D        | Found the +9 sword of Power {lifebolt}
     1 | D        | Found the +7 mace of Variability {chaos, chain chaos}
     1 | D        | Found the +11 Singing Sword {sonic wave}
     1 | D        | Found the +8 storm bow {elec, penet}
     3 | D        | Found a transporter.
     3 | D        | Found an ancient bone altar of Kikubaaqudgha.
     3 | D        | Found a viscous altar of Jiyva.
     3 | D        | Found a corrupted altar of Lugonu.
     3 | D        | Found a hazy altar of Hepliaklqana.
     3 | D        | Found a burning altar of Makhleb.
     3 | D        | Found an opulent altar of Gozag.
    73 | D        | Became a worshipper of Warmaster Okawaru
   123 | D        | Entered arena 2.
   123 | D        | Noticed a yak
   123 | D        | Noticed an iguana
   123 | D        | Found a transporter.
   128 | D        | Killed an iguana
   129 | D        | Reached skill level 5 in Unarmed Combat
   129 | D        | Reached XP level 2. HP: 17/26 MP: 0/4
   132 | D        | Killed a yak
   132 | D        | Reached * piety under Okawaru
   132 | D        | Reached ** piety under Okawaru
   133 | D        | Reached skill level 1 in Fighting
   133 | D        | Reached skill level 8 in Unarmed Combat
   133 | D        | Reached XP level 3. HP: 8/33 MP: 0/6
   133 | D        | Reached XP level 4. HP: 10/41 MP: 0/7
   133 | D        | Reached XP level 5. HP: 12/48 MP: 0/8
   198 | D        | Learned a level 2 spell: Wereblood
   202 | D        | Learned a level 3 spell: Spider Form
   207 | D        | Learned a level 4 spell: Ice Form
   209 | D        | Entered arena 3.
   209 | D        | Noticed an ogre
   209 | D        | Noticed an ogre
   209 | D        | Noticed a troll
   209 | D        | Found a transporter.
   212 | D        | Killed an ogre
   212 | D        | Killed an ogre
   213 | D        | Reached skill level 10 in Unarmed Combat
   213 | D        | Reached XP level 6. HP: 55/55 MP: 5/10
   214 | D        | Killed a troll
   214 | D        | Reached *** piety under Okawaru
   215 | D        | Reached skill level 11 in Unarmed Combat
   215 | D        | Reached skill level 1 in Evocations
   215 | D        | Reached XP level 7. HP: 52/62 MP: 5/12
   241 | D        | Got the ring of Feavyvvi {Fire rElec rCorr Dex+2 SInv}
   265 | D        | Entered arena 4.
   265 | D        | Noticed a mummy priest
   265 | D        | Found a transporter.
   266 | D        | Noticed a freezing wraith
   266 | D        | Noticed a flying skull
   269 | D        | Noticed a freezing wraith
   269 | D        | Noticed a wraith
   271 | D        | Slain by a freezing wraith

Illustrated notes

Levels and vault maps discovered:
D:        sprint_v [room_start, room_1, room_2, room_3, room_4, room_5, room_6,
          room_7, room_8, room_9, room_10, room_11, room_12, room_13, room_14,
          room_15, room_16, room_17, room_18, room_19, room_20, room_21,
          room_22, room_23, room_24, room_25, room_26, room_27]

Skill      XL: |  1  2  3  4  5  6 |
---------------+-------------------+-----
Dodging        | 2 3 4 |  4.8
Unarmed Combat | 5 8 10 11 | 11.5
Spellcasting   | 2 3 4 |  4.5
Transmutations | 2 3 4 |  4.7
Fighting       | 1 |  1.2
Evocations     | 1 |  1.1

Action                   |  1- 3 |  4- 6 |  7- 9 || total
-------------------------+-------+-------+-------++-------
Melee: Unarmed           |     7 |     1 |       ||     8
       Kick              |     1 |       |       ||     1
       Headbutt          |     1 |     1 |       ||     2
 Cast: Beastly Appendage |     1 |     1 |       ||     2
       Wereblood         |       |     1 |     1 ||     2
       Ice Form          |       |       |     1 ||     1
Evoke: Lightning rod     |       |     3 |     5 ||     8
  Use: Potion            |     1 |       |       ||     1
Armor: Robe              |     1 |       |       ||     1
       Skin              |       |       |     1 ||     1
Dodge: Dodged            |     2 |     1 |     3 ||     6

Table legend: (Time is in decaauts)
 A = Elapsed time spent in this place.
 B = Non-inter-level travel time spent in this place.
 C = Inter-level travel time spent in this place.
 D = Time resting spent in this place.
 E = Time spent auto-exploring this place.
 F = Levels seen in this place.
 G = Mean time per level.
                   A        B        C        D        E       F      G
               +--------+--------+--------+--------+--------+-----+--------+
         Total |    274 |    274 |      0 |     87 |      0 |   1 |  274.0 |
       Dungeon |    274 |    274 |      0 |     87 |      0 |   1 |  274.0 |
               +--------+--------+--------+--------+--------+-----+--------+

Top non-repeatable levels by time:
       D: 274 daAuts
